 Dungeon Crawl Stone Soup version 0.25-a0-1137-g7f6bfe439b (webtiles) character file.

Game seed: 16086281113663906140, levelgen mode: deterministic

39055 Aviak the Spear-Bearer (level 14, -6/136 HPs)
             Began as a Tengu Berserker on May 23, 2020.
             Was a High Priest of Trog.
             Mangled by a black mamba (7 damage)
             ... on level 6 of the Lair of Beasts.
             The game lasted 00:20:38 (17888 turns).

Aviak the Spear-Bearer (Tengu Berserker)           Turns: 17888, Time: 00:20:39

Health: -6/136     AC: 16    Str: 26    XL:     14   Next: 4%
Magic:  0/6        EV: 21    Int:  9    God:    Trog [*****.]
Gold:   1272       SH:  0    Dex: 15    Spells: 13/13 levels left

rFire    . . .     SeeInvis .   W - +3 glaive of Eluetit {antimagic, *Corrode rPois Str+8 Int-2}
rCold    . . .     Gourm    .   (shield currently unavailable)
rNeg     . . .     Faith    .   v - +3 plate armour "Fopaoximo" {Slay+2}
rPois    +         Spirit   +   j - +2 hat
rElec    .         Reflect  .   (no cloak)
rCorr    +         Harm     .   (no gloves)
MR       +....                  (boots unavailable)
Stlth    ..........             H - amulet of guardian spirit
HPRegen  0.32/turn              B - ring of resist corrosion
MPRegen  0.10/turn              E - +4 ring of evasion

@: berserking, lethally poisoned (-6 -> -10), corroded, flying quickly and
evasively, slowed, quick
A: beak, talons 3, able to fly
a: Stop Flying, Berserk, Trog's Hand, Brothers in Arms, Renounce Religion


You were on level 6 of the Lair of Beasts.
You worshipped Trog.
Trog was extremely pleased with you.
You were not hungry.

You visited 3 branches of the dungeon, and saw 18 of its levels.

You collected 1272 gold pieces.

Inventory:

Hand Weapons
 s - a +1 halberd of protection
 K - the +5 trident of Doom {antimagic, +Blink +Inv Str+4}
   (You took it off a spriggan on level 10 of the Dungeon)

   It reduces the magical energy of the wielder, and disrupts the spells and
   magical abilities of those hit.
   Natural abilities and divine invocations are not affected.
   It affects your strength (+4).
   It lets you turn invisible.
   It lets you blink.
 W - the +3 glaive of Eluetit (weapon) {antimagic, *Corrode rPois Str+8 Int-2}
   (Trog gifted it to you on level 2 of the Lair of Beasts)

   It reduces the magical energy of the wielder, and disrupts the spells and
   magical abilities of those hit.
   Natural abilities and divine invocations are not affected.
   It affects your strength (+8).
   It affects your intelligence (-2).
   It protects you from poison.
   It may corrode you when you take damage.
Armour
 j - a +2 hat (worn)
 v - the +3 plate armour "Fopaoximo" (worn) {Slay+2}
   (You found it on level 6 of the Dungeon)

   It affects your accuracy and damage with ranged weapons and melee attacks
   (+2).
Jewellery
 a - an uncursed ring of fire
 q - a cursed ring of ice
 B - a ring of resist corrosion (left hand)
 C - an uncursed ring of protection from cold
 E - a +4 ring of evasion (right hand)
 H - an amulet of guardian spirit (around neck)
 J - an uncursed ring of ice
 L - a cursed ring of attention {unknown}
Wands
 l - a wand of paralysis (24)
 u - a wand of polymorph (4)
 F - a wand of flame (25)
 O - a wand of digging (9)
 Q - a wand of disintegration (11)
Scrolls
 d - 2 scrolls of fog
 i - 6 scrolls of identify
 m - 2 scrolls of immolation
 n - 6 scrolls of enchant armour
 r - 3 scrolls of remove curse
 t - 6 scrolls of teleportation
 x - 2 scrolls of blinking
 y - 3 scrolls of torment {!r}
 D - a scroll of acquirement {unknown}
 I - a scroll of amnesia
 P - 2 scrolls of random uselessness {unknown}
 R - a scroll of magic mapping
 S - a scroll of vulnerability {unknown}
 V - a scroll of enchant weapon {unknown}
Potions
 b - 3 potions of magic
 e - 3 potions of might
 f - 4 potions of mutation {!q}
 h - 5 potions of haste {unknown}
 k - 2 potions of stabbing {unknown}
 o - a potion of brilliance {unknown}
 p - 2 potions of heal wounds {unknown}
 w - 4 potions of curing {unknown}
 z - a potion of cancellation {unknown}
 A - a potion of invisibility {unknown}
 G - a potion of degeneration {unknown}
 M - a potion of lignification {!q}
 N - 3 potions of flight {unknown}
 U - a potion of ambrosia {unknown}
Miscellaneous
 g - a tin of tremorstones (3/3)
 T - a box of beasts
Comestibles
 c - 14 rations


   Skills:
 + Level 11.7 Fighting
 + Level 12.6 Polearms
 + Level 12.4 Armour
 + Level 12.4 Dodging
 + Level 7.8 Evocations


You had 13 spell levels left.
You didn't know any spells.
Your spell library contained the following spells:

 Spells                   Type           Power        Failure   Level  Hunger
 Beastly Appendage        Tmut           #.....       97%         1    ##.....
 Magic Dart               Conj           #...         97%         1    ##.....
 Sandblast                Erth           #.....       97%         1    ##.....
 Blink                    Tloc           N/A          99%         2    ###....
 Call Imp                 Summ           #.......     99%         2    ###....
 Passwall                 Tmut/Erth      #.......     99%         2    ###....
 Slow                     Hex            #.......     99%         2    ###....
 Sticks to Snakes         Tmut           #.......     99%         2    ###....
 Swiftness                Chrm/Air       #.......     99%         2    ###....
 Conjure Flame            Conj/Fire      #.......     100%        3    ####...
 Mephitic Cloud           Conj/Pois/Air  #.......     100%        3    ####...
 Spider Form              Tmut/Pois      #.........   100%        3    ####...
 Stone Arrow              Conj/Erth      #.....       100%        3    ####...
 Ice Form                 Ice/Tmut       #.......     100%        4    #####..
 Passage of Golubria      Tloc           N/A          100%        4    #####..
 Petrify                  Tmut/Erth      #.......     100%        4    #####..
 Blade Hands              Tmut           #.........   100%        5    ######.
 Lee's Rapid Deconstruct  Erth           #.........   100%        5    ######.
 Darkness                 Hex            #.........   100%        6    #######
 Invisibility             Hex            #.......     100%        6    #######


Dungeon Overview and Level Annotations

Branches:
Dungeon (11/15)            Temple (1/1) D:6            Lair (6/6) D:11
 Shoals (0/4) Lair:3       Spider (0/4) Lair:4
  Slime: Lair:5-6       Orc: D:9-12

Altars:
Ashenzari
Cheibriados
Dithmenos
Elyvilon
Fedhas
Gozag
Hepliaklqana
Kikubaaqudgha
Makhleb
Nemelex Xobeh
Okawaru
Qazlal
Ru
Sif Muna
Trog
Uskayaw
Vehumet
Wu Jian
Xom
Yredelemnul
Zin
The Shining One


Innate Abilities, Weirdness & Mutations

You have a beak for a mouth.
You have claws for feet.
You can fly continuously.


Message History

You feel sick. The water moccasin misses you. The spiny frog misses you.
Unknown command.
You slash the spiny frog! Your peck misses the spiny frog.
The spiny frog is heavily wounded.
You feel sick. The spiny frog stings you.
* * * LOW HITPOINT WARNING * * *
A water moccasin comes into view.
The six-headed hydra bites you!
* * * LOW HITPOINT WARNING * * *
The six-headed hydra bites you.
* * * LOW HITPOINT WARNING * * *
The six-headed hydra completely misses you.
The six-headed hydra bites you.
* * * LOW HITPOINT WARNING * * *
The six-headed hydra completely misses you.
The six-headed hydra closely misses you.
The wyvern bites you!
* * * LOW HITPOINT WARNING * * *
The black mamba bites you!
You die...

## #.# ### #####..## ###
...## .........####P##......
........P.##†.........
.........FD@†.........
..........SlFP........
.......s..S..F........
..........#..†........
......t....#..........
....S...........t.....[.....
P##.........................
#######.P..............≈.≈
##.P.............≈≈≈


You could see a six-headed hydra, a black mamba, 3 spiny frogs, 2 water
moccasins, 2 crocodiles, a wyvern and a redback.

Vanquished Creatures
  11 death yaks
  A wolf spider (Lair:6)
  An oklob plant (Lair:3)
  3 elephants (Lair:5)
  3 black mambas
  Joseph (D:9)
  A guardian serpent (Lair:6)
  A torpor snail (Lair:4)
  13 spiny frogs
  9 komodo dragons
  2 rime drakes
  A merfolk (D:11)
  A hornet (Lair:6)
  2 trolls
  Grinder (D:3)
  3 blink frogs (Lair:3)
  6 hippogriffs
  A redback (Lair:4)
  2 spriggans (D:10)
  7 wyverns
  A human (D:11)
  A vampire (D:11)
  33 yaks
  4 basilisks
  A hungry ghost (D:8)
  A steam dragon (D:8)
  15 water moccasins
  5 porcupines
  A black bear (Lair:4)
  A phantom (D:5)
  2 orc warriors
  4 ice beasts
  3 sky beasts
  2 necrophages
  26 wolves
  2 centaurs
  An ogre (D:9)
  10 crocodiles
  Blork the orc (D:6)
  9 bullfrogs
  2 scorpions (D:9)
  3 wights (D:6)
  4 howler monkeys
  3 crimson imps
  A bullfrog zombie (D:8)
  6 orc priests
  6 centaur skeletons
  A jelly (D:7)
  4 orc wizards
  2 bullfrog skeletons
  10 hounds
  An iguana (D:9)
  7 worker ants
  7 gnolls
  A river rat (D:4)
  12 adders
  3 shadow imps
  2 adder zombies
  A worm (D:3)
  A dart slug (D:1)
  7 leopard geckos
  38 orcs
  4 ball pythons
  9 giant cockroaches
  4 goblins
  5 hobgoblins
  17 jackals
  3 quokkas (D:2)
  6 bats
  3 frilled lizards
  15 kobolds
  A leopard gecko skeleton (D:6)
  2 quokka zombies (D:5)
  8 rats
392 creatures vanquished.

Vanquished Creatures (collateral kills)
  Gastronok (Lair:2)
  A hydra (Lair:2)
  A death yak (Lair:5)
  The ghost of zard0z the Nimble, a novice DEFE of Vehumet (D:10)
  3 black mambas
  A spiny frog (Lair:6)
  A hippogriff (Lair:6)
  2 wyverns (Lair:6)
  A redback (Lair:6)
  A spriggan (D:10)
  A water moccasin (Lair:2)
  3 wolves (Lair:6)
17 creatures vanquished.

Vanquished Creatures (others)
  10 fungi
  5 plants
15 creatures vanquished.

Grand Total: 424 creatures vanquished

Notes
Turn   | Place    | Note
-------+----------+-------------------------------------------
     0 | D:1      | Aviak the Tengu Berserker began the quest for the Orb.
     0 | D:1      | Reached XP level 1. HP: 14/14 MP: 2/2
   315 | D:1      | Reached XP level 2. HP: 19/19 MP: 3/3
   891 | D:2      | Reached XP level 3. HP: 23/23 MP: 4/4
   935 | D:2      | Reached ** piety under Trog
  1647 | D:2      | Reached XP level 4. HP: 28/28 MP: 5/5
  2470 | D:3      | Noticed Grinder
  2477 | D:3      | Killed Grinder
  2477 | D:3      | Gained mutation: You can fly continuously. [Tengu growth]
  2477 | D:3      | Reached XP level 5. HP: 33/33 MP: 6/6
  2477 | D:3      | Reached XP level 6. HP: 38/38 MP: 7/7
  2540 | D:3      | Found a faded altar of an unknown god.
  3220 | D:4      | Reached *** piety under Trog
  3398 | D:4      | Reached skill level 5 in Polearms
  3406 | D:4      | Reached XP level 7. HP: 31/44 MP: 8/8
  4132 | D:4      | Reached skill level 5 in Fighting
  4133 | D:4      | Reached **** piety under Trog
  4419 | D:4      | Found a shimmering blue altar of Sif Muna.
  4653 | D:5      | Entered Level 5 of the Dungeon
  4659 | D:5      | Reached skill level 5 in Dodging
  4691 | D:5      | Reached skill level 5 in Armour
  4760 | D:5      | Reached XP level 8. HP: 45/49 MP: 9/9
  5674 | D:6      | Found a stormy altar of Qazlal.
  5699 | D:6      | Got a polished plate armour
  5700 | D:6      | Identified the +3 plate armour "Fopaoximo" {Slay+2} (You
                  | found it on level 6 of the Dungeon)
  5830 | D:6      | Found a staircase to the Ecumenical Temple.
  5849 | Temple   | Entered the Ecumenical Temple
  6320 | D:6      | Noticed Blork the orc
  6325 | D:6      | Killed Blork the orc
  6327 | D:6      | Reached XP level 9. HP: 43/55 MP: 10/10
  6855 | D:7      | Noticed a cyclops
  7614 | D:8      | Found a blossoming altar of Fedhas.
  7712 | D:9      | Noticed a troll
  7723 | D:9      | Killed a troll
  7989 | D:9      | Found a radiant altar of Vehumet.
  7999 | D:9      | Noticed Joseph
  8016 | D:9      | Killed Joseph
  8143 | D:9      | Reached XP level 10. HP: 63/63 MP: 11/11
  8524 | D:10     | Entered Level 10 of the Dungeon
  8753 | D:10     | Reached ***** piety under Trog
  8858 | D:10     | Found a runed translucent door.
  8858 | D:10     | Identified the +5 trident of Doom {antimagic, +Blink +Inv
                  | Str+4}
  8858 | D:10     | Noticed zard0z's ghost (novice DEFE)
  8926 | D:10     | Killed zard0z's ghost
 10155 | D:11     | Found a staircase to the Lair.
 10514 | Lair:1   | Entered Level 1 of the Lair of Beasts
 10550 | Lair:1   | Noticed a black mamba
 10556 | Lair:1   | Killed a black mamba
 10556 | Lair:1   | Reached XP level 11. HP: 68/69 MP: 12/12
 11065 | Lair:1   | Reached skill level 1 in Evocations
 11467 | Lair:1   | Reached skill level 10 in Polearms
 11870 | Lair:1   | Reached skill level 10 in Dodging
 11935 | Lair:1   | Reached skill level 10 in Armour
 12530 | Lair:2   | Reached XP level 12. HP: 70/77 MP: 15/15
 12534 | Lair:2   | Received a gift from Trog
 12537 | Lair:2   | Got a fine glaive {god gift}
 12538 | Lair:2   | Identified the +3 glaive of Eluetit {antimagic, *Corrode
                  | rPois Str+8 Int-2} (Trog gifted it to you on level 2 of the
                  | Lair of Beasts)
 12686 | Lair:2   | Reached skill level 10 in Fighting
 12807 | Lair:2   | Noticed Gastronok
 12824 | Lair:2   | Killed Gastronok
 13162 | Lair:2   | Noticed a four-headed hydra
 13172 | Lair:2   | Killed a six-headed hydra
 13533 | Lair:3   | Found a staircase to the Shoals.
 13560 | Lair:3   | Reached skill level 5 in Evocations
 15073 | Lair:4   | Found a hole to the Spider Nest.
 15126 | Lair:4   | Reached XP level 13. HP: 41/83 MP: 1/18
 17277 | Lair:6   | Entered Level 6 of the Lair of Beasts
 17879 | Lair:6   | Reached XP level 14. HP: 39/90 MP: 1/20
 17888 | Lair:6   | HP: 1/136 [wyvern (7)]
 17888 | Lair:6   | Mangled by a black mamba

Illustrated notes

Levels and vault maps discovered:
D:1:      dpeg_arrival_morbid_curiosity, layout_basic, minmay_misc_feat_doors
D:2:      layout_basic, first_ration
D:3:      layout_loops_ring, chequers_ecumenical_altar_simple_redux,
          feat_on_display, uniq_grinder
D:4:      layout_loops_ring, portal_sewer_entry_b, lemuel_blue_sif_altar
D:5:      layout_basic
D:6:      minmay_skewed_foursquare, layout_rooms, old_standard_altar,
          minmay_temple_entry_junction_2, minmay_misc_feat_rugged,
          uniq_blork_the_orc
D:7:      layout_cave_pools, minivault_22, lightli_corner_chamber
D:8:      layout_rooms, fedhas_altar_fruit_tree
D:9:      layout_basic, basic_altar, uniq_joseph
D:10:     layout_roguey, ebering_ghost_funeral_grove, serial_rivers,
          chequers_serial_rivers_small_b, chequers_serial_rivers_micro_a,
          chequers_serial_rivers_micro_d, chequers_serial_rivers_marsh,
          chequers_serial_rivers_micro_b, chequers_serial_rivers_small_a
D:11:     layout_loops_ring, lair_entry_dummy, hangedman_stone_soup
Temple:   kilobyte_greek_temple
Lair:1:   layout_concentric_octagons
Lair:2:   layout_misc_corridors, uniq_gastronok
Lair:3:   layout_misc_corridors, elwin_shoals_entry_rocks,
          chequers_serial_rivers_room_b, grunt_megastairs_1
Lair:4:   layout_roguey, spider_nest_entry_webs
Lair:5:   layout_layer_cave, grunt_megastairs_4
Lair:6:   hangedman_lair_tendril_chambers, layout_gridlike, wormcave,
          slime_dummy, infiniplex_staircase_pool

Skill      XL: |  1  2  3  4  5  6  7  8  9 10 11 12 13 |
---------------+----------------------------------------+-----
Armour         | 3 4 5 6 7 9 10 11 12 | 12.4
Dodging        | 3 4 5 6 7 9 10 11 12 | 12.4
Polearms       | 4 5 6 8 9 10 11 12 | 12.6
Fighting       | 4 5 6 7 8 9 10 11 | 11.7
Evocations     | 3 6 7 |  7.8

Action                   |  1- 3 |  4- 6 |  7- 9 | 10-12 | 13-15 || total
-------------------------+-------+-------+-------+-------+-------++-------
Melee: Spear             |    82 |       |       |       |       ||    82
       Kick              |    20 |    15 |    85 |   181 |    84 ||   385
       Peck              |     9 |     9 |    55 |   103 |    61 ||   237
       Glaive            |    27 |   120 |    25 |   175 |   251 ||   598
       Halberd           |       |       |   328 |   363 |       ||   691
Invok: Berserk           |       |     2 |     3 |     7 |     4 ||    16
       Trog's Hand       |       |       |     1 |     2 |     2 ||     5
       Brothers in Arms  |       |       |       |     3 |     3 ||     6
 Abil: Fly               |       |       |     1 |       |       ||     1
Evoke: Box of beasts     |       |       |       |       |     3 ||     3
       Wand              |       |       |       |       |     2 ||     2
       Tin of tremorston |       |       |       |       |     1 ||     1
  Use: Scroll            |       |       |     9 |     5 |       ||    14
 Stab: Sleeping          |       |       |     1 |     1 |       ||     2
       Distracted        |       |       |       |       |     2 ||     2
  Eat: Chunk             |     2 |     5 |    10 |    23 |     5 ||    45
       Ration            |       |     1 |     3 |     2 |     3 ||     9
Armor: Animal skin       |     5 |       |       |       |       ||     5
       Leather armour    |     8 |       |    89 |    11 |       ||   108
       Ring mail         |    11 |    30 |       |       |       ||    41
       Plate armour      |       |       |       |   185 |    92 ||   277
Dodge: Dodged            |    52 |    79 |   368 |   500 |   355 ||  1354

Table legend:
 A = Non-vault XP
 B = Vault XP
 C = Vault XP percentage of total XP
 D = Non-vault monster count
 E = Vault monster count
 F = Vault count percentage of total count
                 A         B        C        D         E       F
            +---------+---------+-------+---------+---------+-------
      Total |   42196 |   13598 |  24.4 |     345 |      64 |  15.6
            +---------+---------+-------+---------+---------+-------
        D:1 |      22 |       9 |  29.0 |      13 |       5 |  27.8
        D:2 |      98 |       0 |   0.0 |      22 |       0 |   0.0
        D:3 |      98 |     281 |  74.1 |      28 |       1 |   3.4
        D:4 |     478 |      26 |   5.2 |      37 |       8 |  17.8
        D:5 |     486 |       0 |   0.0 |      18 |       0 |   0.0
        D:6 |     647 |     238 |  26.9 |      17 |       2 |  10.5
        D:7 |     394 |       0 |   0.0 |      10 |       0 |   0.0
        D:8 |    1063 |       0 |   0.0 |      20 |       0 |   0.0
        D:9 |     757 |     450 |  37.3 |      10 |       1 |   9.1
       D:10 |    1080 |    1222 |  53.1 |      12 |       6 |  33.3
       D:11 |    1022 |     680 |  40.0 |      20 |       4 |  16.7
     Lair:1 |    6630 |       0 |   0.0 |      26 |       0 |   0.0
     Lair:2 |    6506 |    2045 |  23.9 |      31 |       1 |   3.1
     Lair:3 |    3908 |     707 |  15.3 |      19 |       6 |  24.0
     Lair:4 |    3892 |     220 |   5.4 |      16 |       1 |   5.9
     Lair:5 |    7585 |    3096 |  29.0 |      25 |       9 |  26.5
     Lair:6 |    7530 |    4624 |  38.0 |      21 |      20 |  48.8
            +---------+---------+-------+---------+---------+-------
